 Dungeon Crawl Stone Soup version 0.28.0-53-g5a82cb258f (webtiles) character file.

Game seed: 9754775270950579257

30 Descartes the Grasshopper (level 3, 0/27 HPs)
             Began as a Formicid Warper on July 27, 2022.
             Slain by an adder zombie (2 damage)
             ... on level 2 of the Dungeon.
             The game lasted 00:01:27 (1238 turns).

Descartes the Grasshopper (Formicid Warper)         Turns: 1238, Time: 00:01:27

Health: 0/27       AC:  3    Str: 17    XL:     3   Next: 37%
Magic:  6/6        EV: 11    Int: 12    God:
Gold:   33         SH:  0    Dex: 10    Spells: 6/6 levels left

rFire   . . .      SeeInvis +   a - +0 hand axe
rCold   . . .      Faith    .   (no shield)
rNeg    . . .      Spirit   .   b - +0 leather armour
rPois   .          Reflect  .   (helmet unavailable)
rElec   .          Harm     .   (no cloak)
rCorr   .          Rampage  .   (no gloves)
Will    .....                   (no boots)
Stlth   +.........              (no amulet)
HPRegen 0.09/turn               (no ring)
MPRegen 0.10/turn               (no ring)

@: no status effects
A: permanent stasis, dig shafts and tunnels, antennae 3, four strong arms
a: Dig, Shaft Self


You were on level 2 of the Dungeon.
You visited 1 branch of the dungeon, and saw 2 of its levels.

You collected 33 gold pieces.

Inventory:

Hand Weapons
 a - a +0 hand axe (weapon)
Missiles
 c - 5 boomerangs of dispersal (quivered)
 d - 4 curare-tipped darts
 j - 45 arrows
 k - 2 stones
Armour
 b - a +0 leather armour (worn)
Scrolls
 f - 2 scrolls of noise {unknown}
 h - a scroll of immolation {unknown}
 l - a scroll of identify {unknown}
Potions
 e - a potion of attraction {unknown}
 g - a potion of curing {unknown}
 i - a potion of berserk rage {unknown}


   Skills:
 - Level 2.1 Fighting
 * Level 2.6 Axes
 - Level 1.0 Throwing
 + Level 2.0 Armour
 - Level 1.7 Dodging
 + Level 1.4 Shields
 - Level 2.1 Spellcasting
 + Level 2.8 Translocations


You had 6 spell levels left.
You didn't know any spells.
Your spell library contained the following spells:

 Spells                   Type           Power      Damage    Failure   Level
 Gell's Gravitas          Tloc           8%         N/A       30%         3
 Lesser Beckoning         Tloc           8%         N/A       30%         3
 Teleport Other           Tloc           8%         N/A       30%         3
 Sublimation of Blood     Necr           1%         N/A       43%         2
 Manifold Assault         Tloc           8%         N/A       95%         5
 Petrify                  Tmut/Erth      1%         N/A       97%         4
 Irradiate                Conj/Tmut      0%         3d13      100%        5
 Blink                    Tloc           Unusable   N/A       N/A         2

Dungeon Overview and Level Annotations

Branches:
Dungeon (2/15)

Altars:


Innate Abilities, Weirdness & Mutations

You cannot be hasted, slowed, berserked, paralysed or teleported.
You can dig through walls and to a lower floor.
You have a pair of large antennae on your head. (SInv)
Your four strong arms can wield two-handed weapons with a shield.


Message History

You hit the goblin.
You kill the goblin!
You hit the kobold. You barely miss the adder zombie.
The adder zombie closely misses you.
The kobold hits you with a +0 short sword.
* * * LOW HITPOINT WARNING * * *
You hit the kobold.
You kill the kobold!
You closely miss the adder zombie.
The adder zombie bites you but does no damage.
Unknown command.
Things that are here:
a +0 short sword; a kobold corpse You hit the kobold but do no damage.
You hit the adder zombie. The adder zombie barely misses you.
The kobold hits you but does no damage. The adder zombie barely misses you.
You miss the kobold. You closely miss the adder zombie.
The kobold closely misses you. The adder zombie completely misses you.
You slash the kobold!
You kill the kobold!
You barely miss the adder zombie. The adder zombie barely misses you.
Your Armour skill increases to level 2!
Unknown command.
You closely miss the adder zombie.
The adder zombie is severely damaged.
The adder zombie bites you.
* * * LOW HITPOINT WARNING * * *
The adder zombie barely misses you.
You closely miss the adder zombie.
The adder zombie is severely damaged.
The adder zombie bites you.
* * * LOW HITPOINT WARNING * * *
Unknown command.
You barely miss the adder zombie.
The adder zombie is severely damaged.
The adder zombie misses you.
You hit the adder zombie.
The adder zombie is severely damaged.
The adder zombie bites you.
You die...

....... ## >....#
..# #....###..#.
####...........
#.....(.#......
.##............P.
..........)..P...
........)@.......
.#.......Z.......
......).......#..
........#######
........#
........#
...#...># ..
###### .


You could see an adder zombie.

Vanquished Creatures
  4 endoplasms (D:1)
  A giant cockroach (D:1)
  4 goblins
  2 hobgoblins (D:1)
  2 jackals (D:1)
  3 ball pythons (D:1)
  4 bats (D:1)
  2 frilled lizards (D:1)
  A giant cockroach zombie (D:2)
  5 kobolds
  2 rats (D:1)
30 creatures vanquished.

Notes
Turn   | Place    | Note
-------+----------+-------------------------------------------
     0 | D:1      | Descartes the Formicid Warper began the quest for the Orb.
     0 | D:1      | Reached XP level 1. HP: 16/16 MP: 3/3
   235 | D:1      | Reached XP level 2. HP: 21/22 MP: 5/5
   255 | D:1      | Reached skill level 1 in Shields
   880 | D:1      | Reached XP level 3. HP: 25/27 MP: 6/6
  1238 | D:2      | Slain by an adder zombie

Illustrated notes

Levels and vault maps discovered:
D:1:      eino_arrival_cavern_a, layout_rooms, minmay_pentomino_w4
D:2:      layout_rooms, serial_undead, serial_undead_c, serial_undead_b,
          serial_undead_b, serial_undead_a,
          hellmonk_ecumenical_altar_slurped_away, serial_shops, shop_statue,
          nicolae_elevator_lobby_asterisk

Skill      XL: |  1  2  3 |
---------------+----------+-----
Shields        | 1 |  1.4
Armour         | 2 |  2.0
Fighting       | |  2.1
Axes           | |  2.6
Throwing       | |  1.0
Dodging        | |  1.7
Spellcasting   | |  2.1
Translocations | |  2.8

Action                   || total
-------------------------++-------
Melee: Hand axe          ||   113
       Punch             ||     1
Armor: Leather armour    ||    49
Dodge: Dodged            ||   108
